[Event "46th Barbera del Valles Open-A 2024"]
[Site "Barbera del Valles"]
[Date "2024.07.07"]
[Round "4.1"]
[White "Cuartas, Jaime Alexander"]
[Black "Reyan"]
[Result "1-0"]
[ECO "B50"]
[WhiteElo "2519"]
[BlackElo "2022"]
[Annotator "TA"]
[PlyCount "163"]
[EventDate "2024.06.25"]
[EventType "swiss"]
[EventCountry "ESP"]
[SourceTitle "playchess.com"]
[Source "ChessBase"]
[SourceQuality "1"]
[TimeControl "5400+30"]

1. e4 c5 2. Nf3 d6 3. Bc4 Nc6 4. O-O g6 5. c3 e6 6. d4 cxd4 7. Nxd4 a6 8. Nf3 {[%emt 0:00:17] White is slightly better.} Bg7 9. Qe2 Nge7 10. Rd1 O-O 11. Bf4 e5 12. Be3 Qc7 13. a4 Be6 14. Na3 Rad8 15. Bxe6 fxe6 16. Ng5 Rf6 17. Qc4 Qc8 18. Bb6 {[%emt 0:01:22] White has more active pieces.} d5 19. Qa2 Re8 20. a5 Nd8 (20... h6 21. Nxe6 Qxe6 22. exd5 Nxd5 23. Qxd5 $18) 21. exd5 exd5 22. c4 d4 {[%emt 0:02:58] ...Qf5 is the strong threat.} 23. c5+ Nf7 24. Ne4 Re6 (24... Qd7 $142) 25. Nc4 $1 $16 Nf5 (25... Qc6 $16 {keeps fighting.}) 26. Ncd6 $18 N5xd6 (26... Qc6 $142 27. Nxe8 Rxe8) 27. cxd6 (27. Nxd6 Nxd6 28. cxd6 Qc6 $11) 27... Bh6 {[%emt 0:02:39] Repels Rdc1} 28. Qd5 {[%emt 0:00:51] Hoping for d7.} Nxd6 (28... Qc6 $142 29. Qxc6 bxc6) 29. Nf6+ Kg7 30. Nxe8+ Nxe8 31. Re1 $1 Nf6 32. Qb3 {[%emt 0:00:02][%cal Ob6d4] aiming for Bxd4!} Re8 33. Re2 Qd7 34. Rc2 Rc8 {[%emt 0:00:02] Wards off Rc7} 35. Rxc8 Qxc8 36. h3 Qc6 37. Re1 Nh5 $2 (37... Nd5 $16) 38. Qd1 $2 (38. Rxe5 $2 Qc1+ 39. Kh2 Qf4+ 40. Kh1 Qxe5 $19) (38. g3 $18 Be3 39. Qb4 (39. fxe3 Qf3 $11) 39... Nxg3 40. fxe3 (40. Qe7+ Kg8 $18) 40... Qh1+ 41. Kf2 Ne4+ (41... Qh2+ $2 42. Kf3 $18) 42. Ke2 Qg2+ 43. Kd3 Nf2+ 44. Kc4) 38... Nf4 $11 39. f3 (39. Rxe5 $2 Qxg2#) 39... Qd5 (39... Nd5 $1 $11 {and Black is okay.}) 40. Qc2 ({Only move:} 40. Bc7 $18 d3 41. Bxe5+ Kg8 42. Bxf4 Bxf4 43. Qa4) 40... Ne6 $1 $14 41. Qe4 Qxe4 42. Rxe4 {[%emt 0:00:19][%mdl 4096] Endgame. KRB-KBN} Be3+ 43. Kf1 Bf4 (43... Kf6 $16) 44. Re1 (44. Re2 $1 $18) 44... Be3 (44... Kf8 $16 45. Ke2 Ke7) 45. g3 Kf6 {[%emt 0:00:28] [#]} 46. Ke2 (46. Re2 $1 $18) 46... Ke7 47. Kd3 (47. Ra1 $16) 47... Kd6 48. Rf1 Kd5 49. h4 h5 50. b3 Ng7 51. Rh1 {[%emt 0:00:00] White wants to play Rh2.} Nf5 (51... Bf2 $1 $11) 52. Rh3 ({White should try} 52. Rh2 $1 $14) 52... Bf2 $11 53. g4 Ng7 54. Rh2 Be3 55. Rc2 Ne6 {[%emt 0:00:24][%cal Re6f4] Dodges Rc5+} 56. Rc8 hxg4 57. fxg4 Bf2 58. Rh8 e4+ 59. Ke2 Bg3 {[%emt 0:00:30] And now ...Nf4+ would win.} 60. Kf1 e3 61. h5 $132 {[%emt 0:01:27][%mdl 2048] White is fighting back} gxh5 62. gxh5 Nf4 {[%emt 0:00:14] ( -> ...e2+)} 63. Re8 $1 (63. Rd8+ $2 Ke4 64. Re8+ (64. Rxd4+ $2 Kf3 $19) 64... Kf3 (64... Kd3 $2 65. h6 $19) 65. Bxd4 e2+ $19 (65... Nxh5 $2 66. Rxe3+ Kg4 67. Re7 $18) (65... Nxh5 $2 66. Rxe3+ Kg4 67. Re7 $18)) 63... Nxh5 {[%emt 0:00:28] Strongly threatening ...Be5.} 64. Ke2 $2 {[%emt 0:02:11] [#]} (64. Rd8+ $1 $11 Ke4 (64... Bd6 65. Bxd4 Ng3+ 66. Kg2 $16) 65. Bxd4 (65. Rxd4+ $2 Kf3 $19)) 64... Be5 $2 (64... Bd6 $1 $19 {Threatens to win with ...Nf4+.} 65. Rd8 Ng3+ 66. Kd3 e2) 65. Kf3 Nf6 (65... Ng7 $11 {remains equal.} 66. Rd8+ Kc6) 66. Rd8+ $16 Kc6 ({Avoid the trap} 66... Bd6 $2 67. Bxd4 e2 68. Kxe2 $18 (68. Bxf6 $2 {is the wrong capture.} e1=Q $19)) 67. Bxd4 Bxd4 68. Rxd4 {[%emt 0:00:04] KR-KN} Kc5 $2 (68... Nd5 $16) 69. Kxe3 $18 Nd5+ 70. Ke4 Nc3+ $2 (70... Nc7 71. Ke5 Kc6 72. Rc4+ Kd7) 71. Kd3 $2 (71. Ke5 {Intending Rc4+ and mate.} Kb5 72. Kd6) 71... Nd5 $2 (71... Nb5 72. b4+ Kc6 73. Rc4+ Kd7) 72. Rh4 $2 (72. Rc4+ Kb5 73. Re4) 72... Nb4+ 73. Kc3 Nd5+ 74. Kb2 Nb4 $2 (74... Nc7 75. b4+ Kc6) 75. Ka3 Nd5 76. Rh6 $2 (76. b4+ Kc6 77. Kb3) 76... Nb4 $2 (76... Nc3 $18 77. Rh5+ Kc6) 77. Rb6 {[%emt 0:00:28] White mates.} Nc6 78. b4+ Kc4 79. Rxb7 Nd4 80. Ka4 Ne2 81. Rc7+ Kd5 82. b5 {[%emt 0:00:11] Weighted Error Value: White=0.31/Black=0.30.  Loses game:     	White=1     	Black=3      Missed win:     	White=1     	Black=1      Mistake:       	White=6     	Black=11     Inaccurate:     	White=4     	Black=4      OK:         	White=23    	Black=23     Best:        	White=7     	Black=8      Strong:       	White=3     	Black=1} 1-0

[Event "46th Barbera del Valles Open-A 2024"]
[Site "Barbera del Valles"]
[Date "2024.07.07"]
[Round "4.2"]
[White "Bakshi, Rutuja"]
[Black "Diaz Perez, Michel Alejandro"]
[Result "1/2-1/2"]
[ECO "A13"]
[WhiteElo "2058"]
[BlackElo "2486"]
[Annotator "TA"]
[PlyCount "110"]
[EventDate "2024.06.25"]
[EventType "swiss"]
[EventCountry "ESP"]
[SourceTitle "playchess.com"]
[Source "ChessBase"]
[SourceQuality "1"]
[TimeControl "5400+30"]

1. c4 e6 2. Nf3 Nf6 3. e3 d5 4. b3 b6 5. Bb2 Bb7 6. Be2 Nbd7 7. O-O Bd6 8. d3 O-O 9. Nbd2 Re8 10. Qc2 Qe7 11. Rfd1 Rad8 12. cxd5 exd5 13. Nd4 c5 14. Nf5 Qe6 15. Nxd6 Qxd6 16. d4 Rc8 17. dxc5 bxc5 18. Bf3 {[%emt 0:07:35][%cal Od2e4] This pair of bishops is nice.} Ne5 19. Bxe5 Qxe5 20. Rac1 h5 21. Qd3 a6 22. Qe2 Rc7 23. h3 Bc8 24. Nf1 h4 25. Rd2 Qg5 26. Kh1 Ne4 (26... Re6 $11) 27. Bxe4 $14 Rxe4 28. Rdc2 d4 {[%emt 0:07:55] [#]} (28... Qe7 $14) 29. Nd2 $1 $16 Ree7 30. Nf3 Qd5 {[%emt 0:00:44] [#]} 31. Nxd4 $1 {[%emt 0:03:11][%mdl 512] Hoping for Nf3.} Bxh3 32. Qf3 (32. Qxa6 $2 Qxg2#) 32... Qd6 33. gxh3 ({Much worse is} 33. Qxh3 $6 cxd4 34. Rxc7 (34. Qxh4 dxe3 35. Rxc7 Rxc7 $11) 34... Rxc7 35. Rxc7 Qxc7 36. exd4 (36. Qxh4 d3 $11) 36... Qc1+ 37. Kh2 Qf4+ 38. Kg1 Qc1+ 39. Kh2 Qf4+ 40. Kg1 Qc1+ 41. Kh2 $11) (33. Ne2 {keeps more tension.} Bc8 34. Qf4 Re5 35. Qxh4 Bf5 36. Rc3) 33... cxd4 34. Rxc7 (34. Qa8+ {is interesting.} Kh7 35. Rxc7 Rxc7 36. Qe4+) 34... Rxc7 35. Rxc7 Qxc7 36. exd4 {[%emt 0:00:02][%mdl 4096] Endgame. KQ-KQ} Qd8 {[%emt 0:03:35] Inhibits Qa8.} (36... Qc2 $14) 37. Qe4 (37. d5 $142) 37... Qf6 (37... Qa5 $142) 38. Kg2 Qg5+ 39. Kh2 ({Better is} 39. Kf3 $16 {Qe8+ would now be deadly.} Qh5+ 40. Ke3) 39... Qf6 $14 40. Qe3 a5 {[%emt 0:00:26] [#]} (40... Kf8 $11) 41. Qe8+ $1 $16 Kh7 42. Qe4+ Kg8 43. Qe3 ({White should try} 43. Kg1 $16) 43... Kf8 $1 $11 44. Qd2 Qd6+ 45. Kg2 Qg6+ 46. Kh2 {[%emt 0:01:26] The position is equal.} Qd6+ $1 47. Kg2 Qg6+ 48. Kh2 Qd6+ $1 49. Kg2 Qg6+ 50. Kh1 Qf5 51. Kh2 Ke7 $1 52. Kg2 Qg6+ 53. Kh2 Qf5 54. Kg2 Qg6+ 55. Kh2 Qf5 {[%emt 0:00:01] Weighted Error Value: White=0.11 (very precise) /Black=0.15 (very precise) .  Mistake:       	White=3     	Black=5      Inaccurate:     	White=4     	Black=5      OK:         	White=18    	Black=17     Best:        	White=2     	Black=2      Strong:       	White=2     	Black=4} 1/2-1/2

[Event "46th Barbera del Valles Open-A 2024"]
[Site "Barbera del Valles"]
[Date "2024.07.07"]
[Round "4.3"]
[White "Alsina Leal, Daniel"]
[Black "Vedant Rupeshbhai Varasada"]
[Result "1-0"]
[ECO "B53"]
[WhiteElo "2512"]
[BlackElo "1860"]
[Annotator "TA"]
[PlyCount "65"]
[EventDate "2024.06.25"]
[EventType "swiss"]
[EventCountry "ESP"]
[SourceTitle "playchess.com"]
[Source "ChessBase"]
[SourceQuality "1"]
[TimeControl "5400+30"]

1. e4 c5 2. Nf3 d6 3. d4 cxd4 4. Qxd4 Nc6 5. Qe3 Nf6 6. Nc3 g6 7. h3 Bg7 8. Bc4 {[%emt 0:00:13] The position is equal.} O-O 9. O-O Nd7 10. Rd1 Nc5 11. Qe1 Be6 12. Nd5 Qd7 13. c3 Rab8 14. Bf4 (14. a4 $14) 14... b5 $11 15. Bf1 {[%emt 0:02:40][%cal Od5e7] [#] aiming for Nxe7+!} Qb7 16. Qe3 Rfd8 17. Rd2 a5 18. Rad1 a4 {[%emt 0:02:08] [#]} (18... Rbc8 $11 {keeps the balance.}) 19. Nxe7+ $1 $16 Nxe7 (19... Qxe7 $2 {perishes.} 20. Bxd6 (20. Rxd6 Nb7 $15) 20... Qa7 (20... Rxd6 $2 21. Rxd6 Ne5 22. Nxe5 $18) 21. Bxc5 $18 (21. Qxc5 Qxc5 22. Bxc5 Rxd2 $16)) 20. Qxc5 Rbc8 $2 {[%emt 0:06:40][%mdl 8192] A mistake that costs the game.} (20... dxc5 $14 21. Rxd8+ Rxd8 22. Rxd8+ Bf8) 21. Qxb5 $18 Qxe4 22. Bxd6 ({Don't do} 22. Rxd6 Rxd6 23. Bxd6 Nf5) 22... Nf5 23. Ng5 Qh4 24. Nxe6 fxe6 25. Be5 Rf8 26. g3 Qh6 27. Bxg7 {[%emt 0:02:56] White is clearly winning.} Kxg7 28. Qe5+ Kg8 29. Qxe6+ Kh8 30. Qe5+ Ng7 (30... Qg7 $142 31. Qa5 Qe7 32. Qxa4 Qc5) 31. Rd7 Rce8 32. Qd4 Rb8 33. c4 {[%emt 0:00:51] Weighted Error Value: White=0.14 (very precise) /Black=0.51.  Loses game:     	---       	Black=1      Mistake:       	White=1     	Black=1      Inaccurate:     	---       	Black=3      OK:         	White=14    	Black=7      Best:        	---       	Black=1} 1-0

[Event "46th Barbera del Valles Open-A 2024"]
[Site "Barbera del Valles"]
[Date "2024.07.07"]
[Round "4.4"]
[White "Bogdanov, Artyom"]
[Black "Escobar Forero, Alder"]
[Result "1/2-1/2"]
[ECO "B44"]
[WhiteElo "2265"]
[BlackElo "2426"]
[Annotator "RC"]
[PlyCount "57"]
[EventDate "2024.06.25"]
[EventType "swiss"]
[EventCountry "ESP"]
[SourceTitle "playchess.com"]
[Source "ChessBase"]
[SourceQuality "1"]
[TimeControl "5400+30"]

1. e4 c5 2. Nf3 e6 3. d4 cxd4 4. Nxd4 Nc6 5. Nb5 d6 6. c4 Nf6 7. N1c3 a6 8. Nd4 Be7 9. Be2 O-O 10. O-O Bd7 11. Be3 Qb8 12. a4 Nxd4 13. Qxd4 a5 14. Rfd1 Bc6 15. f3 Nd7 16. Qd2 Nc5 17. Qc2 f5 18. exf5 Rxf5 19. Ne4 Nxe4 20. fxe4 Re5 21. Bf3 Qf8 22. Rf1 Qf7 23. Bd4 Rg5 24. Be3 Re5 25. Rae1 Qg6 26. Bf4 Rc5 27. Be3 Re5 28. Bf4 Rc5 29. Be3 1/2-1/2

[Event "46th Barbera del Valles Open-A 2024"]
[Site "Barbera del Valles"]
[Date "2024.07.07"]
[Round "4.5"]
[White "Valenzuela Gomez, Fernando"]
[Black "Salinas Tomas, Daniel"]
[Result "0-1"]
[ECO "E11"]
[WhiteElo "2358"]
[BlackElo "2355"]
[Annotator "TA"]
[PlyCount "58"]
[EventDate "2024.06.25"]
[EventType "swiss"]
[EventCountry "ESP"]
[SourceTitle "playchess.com"]
[Source "ChessBase"]
[SourceQuality "1"]
[TimeControl "5400+30"]

1. d4 Nf6 2. c4 e6 3. Nf3 Bb4+ 4. Bd2 Qe7 5. e3 O-O 6. Bd3 Bxd2+ 7. Qxd2 d6 8. Nc3 e5 {[%emt 0:00:26] [#] White must now prevent ...e4.} 9. Bc2 Bg4 10. O-O-O {[%emt 0:07:46] White is slightly better.} a5 11. h3 Bxf3 12. gxf3 Nc6 13. Rhg1 Nb4 14. Bb1 Qe6 15. d5 Qe7 16. Rg5 Rfc8 (16... Kh8 $11) 17. Rdg1 $14 Ne8 {[%emt 0:07:28] Black is weak on the light squares} (17... g6 $14) 18. f4 $36 {[%emt 0:14:14][%mdl 2048] White is on the roll.} exf4 (18... Kh8 $16 19. fxe5 dxe5) 19. exf4 $18 c6 20. a3 Na6 21. dxc6 bxc6 22. Qc2 g6 {[%emt 0:00:40] [#]} 23. f5 $1 {[%emt 0:00:37][%cal Rf5g6] Threatens to win with fxg6.} (23. Rxa5 $6 Nc5 24. Rxa8 Rxa8 $14) 23... Ng7 24. Qd1 {[%emt 0:03:09][%cal Rf5g6] Strongly threatening fxg6.} Nc5 25. Bc2 $2 (25. fxg6 $16 hxg6 26. R5g3) 25... Rab8 $11 26. fxg6 hxg6 27. Bxg6 Nce6 $1 {[%emt 0:01:27] A dynamic duo of knights.} (27... fxg6 $2 {is the wrong capture.} 28. Rxg6 Rd8 (28... Nce6 $2 29. Qg4 $18) 29. Rxg7+ Qxg7 30. Rxg7+ Kxg7 31. Ne2 $18 (31. Qg4+ Kh8 $18)) 28. Rh5 fxg6 $19 (28... Nxh5 $2 {too greedy.} 29. Bh7+ Kh8 30. Qxh5 $18) 29. Rxg6 Nf4 {[%emt 0:01:54][%csl LRg6,LRh5] Weighted Error Value: White=0.50/Black=0.19 (very precise) .  Loses game:     	White=1     	---        Mistake:       	White=1     	Black=3      Inaccurate:     	White=1     	---        OK:         	White=7     	Black=5      Best:        	---       	Black=3      Strong:       	White=1     	Black=1} 0-1

[Event "46th Barbera del Valles Open-A 2024"]
[Site "Barbera del Valles"]
[Date "2024.07.07"]
[Round "4.6"]
[White "Rudzinska, Michalina"]
[Black "Berdayes Ason, Dylan Isidro"]
[Result "1/2-1/2"]
[ECO "B48"]
[WhiteElo "2290"]
[BlackElo "2519"]
[Annotator "TA"]
[PlyCount "80"]
[EventDate "2024.06.25"]
[EventType "swiss"]
[EventCountry "ESP"]
[SourceTitle "playchess.com"]
[Source "ChessBase"]
[SourceQuality "1"]
[TimeControl "5400+30"]

1. e4 c5 2. Nf3 e6 3. d4 cxd4 4. Nxd4 Nc6 5. Nc3 Qc7 6. Be3 a6 7. Qf3 b5 8. Qg3 Qxg3 9. hxg3 {[%emt 0:00:07] White is slightly better.} Bb7 10. f3 Bc5 11. O-O-O Ba7 12. Bg1 Nge7 13. Nb3 Bxg1 14. Rxg1 O-O-O 15. a4 b4 16. Nb1 d6 17. N1d2 Kc7 18. Be2 h5 19. Nc4 f5 20. Ne3 fxe4 21. fxe4 h4 22. Rgf1 Ne5 {[%emt 0:04:15] Against Rf7} 23. Nd4 Bc8 24. Nf3 (24. gxh4 Rxh4 25. g4 N7c6 $11) 24... N7g6 25. Nxe5 (25. gxh4 $14 Nxf3 26. Bxf3 (26. Rxf3 Rxh4 27. Rd4 Ne5 $14) 26... Rxh4 27. Ng4) 25... Nxe5 $11 {[%emt 0:00:05] The position is equal.} 26. Nc4 Nxc4 ({Much weaker is} 26... hxg3 $6 27. Nxe5 dxe5 28. Rf7+ Rd7 29. Rdxd7+ Bxd7 30. Rxg7 $16) 27. Bxc4 hxg3 28. Rd3 Rh4 29. Rxg3 Rxe4 30. Bd3 Rh4 31. Rxg7+ Kb6 32. g4 e5 33. Bf5 Rh2 34. Rd1 Bxf5 35. gxf5 {[%emt 0:00:06][%mdl 4096] Endgame. KRR-KRR} Rf2 36. Rf7 e4 37. Re7 d5 38. Rxe4 dxe4 ({Of course not} 38... Rxf5 $6 39. Rxb4+ Ka7 40. b3 $16) 39. Rxd8 e3 {[%emt 0:00:03] [#] And now ...Rf1+ would win.} 40. Kd1 Rxf5 {[%emt 0:00:13] Weighted Error Value: White=0.10 (very precise) /Black=0.07 (flawless) .  Mistake:       	White=1     	---        Inaccurate:     	White=3     	Black=3      OK:         	White=13    	Black=17     Best:        	White=1     	---} 1/2-1/2

[Event "46th Barbera del Valles Open-A 2024"]
[Site "Barbera del Valles"]
[Date "2024.07.07"]
[Round "4.7"]
[White "Solodovnichenko, Yuri"]
[Black "Fernandez Climent, Albert"]
[Result "1-0"]
[ECO "C11"]
[WhiteElo "2481"]
[BlackElo "2102"]
[Annotator "TA"]
[PlyCount "95"]
[EventDate "2024.06.25"]
[EventType "swiss"]
[EventCountry "ESP"]
[SourceTitle "playchess.com"]
[Source "ChessBase"]
[SourceQuality "1"]
[TimeControl "5400+30"]

1. e4 e6 2. d4 d5 3. Nc3 Nf6 4. e5 Nfd7 5. f4 c5 6. Nf3 Nc6 7. Be3 Be7 8. a3 b6 9. Qd2 O-O 10. O-O-O {[%emt 0:04:21] [#]} (10. g3 $11) 10... f6 (10... c4 $1 $17 11. f5 b5) 11. dxc5 $14 Nxc5 12. b4 Kh8 13. exf6 {[%emt 0:04:19] White is more active.} Bxf6 (13... Rxf6 $16 14. g4 (14. bxc5 bxc5 15. Bb5 Na5 $16) 14... Bb7) 14. bxc5 $18 Qe7 (14... Bd7 $142 15. Bb5 Ne7) 15. Bb5 (15. cxb6 Qxa3+ 16. Kb1 axb6 (16... Qxc3 17. Qxc3 Bxc3 18. Rd3 $11) (16... Qxc3 17. Qxc3 Bxc3 18. Rd3 $11)) 15... Bd7 16. Bxc6 $2 (16. cxb6 Qxa3+ 17. Kb1 axb6 (17... Qxc3 18. Qxc3 Bxc3 19. Rd3 $16) 18. Ba4 Rxa4 19. Nxa4 Qa1#) (16. Rhe1 $18 {is more deadly. Bf2 would now be deadly.} Be8 17. Bxc6 (17. cxb6 Qxa3+ 18. Kb1 axb6 19. Ba4 Rxa4 20. Nxa4 Qa1#) 17... Bxc6 18. Bd4 (18. cxb6 $2 Qxa3+ 19. Kb1 axb6 20. Bxb6 Qa1#) 18... bxc5 19. Bxf6 Qxf6 20. h3) 16... Bxc6 $16 17. Nd4 (17. cxb6 $2 Qxa3+ 18. Kb1 axb6 19. Bxb6 Qa1#) 17... Bd7 {[%emt 0:05:57] This pair of bishops is nice. This move loses the game for Black.} ({Black should play} 17... Be8 $14) 18. Nb3 $18 Rfc8 {[%emt 0:01:31] [#]} 19. Ne4 Ba4 20. Nxf6 gxf6 21. f5 {[%emt 0:22:31] aiming for fxe6.} Bxb3 (21... bxc5 $142 22. fxe6 d4) 22. cxb3 bxc5 23. fxe6 d4 24. Bf4 Qxe6 25. Kb2 a5 26. Rhe1 Qf7 27. Qe2 a4 28. Qc4 Qg6 29. g3 (29. bxa4 Qxg2+ 30. Bd2 Qxh2 $18) 29... axb3 30. Rd3 (30. Kxb3 Qh5 31. Ka2 Qf3 $18) 30... Re8 31. Rxe8+ Rxe8 32. Rxb3 (32. Kxb3 Qf5 33. Rd2 h6 $18) 32... Qh5 33. Rb8 Qxh2+ 34. Qc2 Rxb8+ 35. Bxb8 Qh5 36. Bd6 Kg7 37. Qxc5 ({Weaker is} 37. Bxc5 d3 38. Qf2 (38. Qxd3 Qxc5 39. Qd7+ Kg8 $11) (38. g4 Qd5 $11) 38... d2 $11) 37... Qe2+ 38. Qc2 Qb5+ 39. Bb4 h5 40. Qe4 {[%emt 0:00:52] Prevents Qb7.} Qc4 41. Qe7+ Kg8 42. Qe8+ Kh7 43. Qxh5+ Kg8 44. Qg6+ {[%emt 0:00:08] White mates.} Kh8 45. Qxf6+ Kg8 46. Qg6+ Kh8 47. Qe4 Kg8 48. g4 {[%emt 0:00:38] Weighted Error Value: White=0.21 (precise) /Black=0.52.  Missed win:     	White=1     	---        Mistake:       	White=1     	Black=6      Inaccurate:     	White=1     	Black=2      OK:         	White=16    	Black=9      Best:        	White=5     	---} 1-0

[Event "46th Barbera del Valles Open-A 2024"]
[Site "Barbera del Valles"]
[Date "2024.07.07"]
[Round "4.9"]
[White "Narciso Dublan, Marc"]
[Black "Kanakova, Natalie"]
[Result "1/2-1/2"]
[ECO "B25"]
[WhiteElo "2432"]
[BlackElo "2167"]
[Annotator "TA"]
[PlyCount "71"]
[EventDate "2024.06.25"]
[EventType "swiss"]
[EventCountry "ESP"]
[SourceTitle "playchess.com"]
[Source "ChessBase"]
[SourceQuality "1"]
[TimeControl "5400+30"]

1. e4 c5 2. Nc3 Nc6 3. g3 g6 4. Bg2 Bg7 5. d3 d6 6. Nf3 e5 7. Nd2 Nge7 8. Nc4 Nd4 9. a4 O-O 10. O-O Be6 11. Nd5 Rb8 12. f4 f5 {[%emt 0:15:30] White is slightly better.} 13. fxe5 {[%emt 0:05:25] White is more active.} dxe5 14. Bg5 Ndc6 15. Qd2 Qd7 16. Nxe7+ Nxe7 17. Qa5 b6 18. Qb5 {[%emt 0:01:02] [#] aiming for Qxd7.} Qc7 19. Bxe7 Qxe7 20. exf5 gxf5 21. Rae1 Bxc4 22. Qxc4+ Kh8 {[%emt 0:00:19] Black is weak on the light squares} 23. g4 Qd7 24. gxf5 Rxf5 25. Qe4 Rbf8 26. Rxf5 Qxf5 27. Qxf5 (27. Rf1 {looks sharper.} Qg5 28. Rxf8+ Bxf8 29. Kf2) 27... Rxf5 $11 {[%emt 0:00:04][%mdl 4096] Endgame. KRB-KRB} 28. Be4 Rf6 29. a5 bxa5 30. Ra1 Ra6 31. Ra4 {[%emt 0:01:20][%mdl 1024] White has compensation.} Bf6 {[%emt 0:01:12] The position is equal.} 32. Kg2 Bd8 33. Rc4 Be7 34. Ra4 Bd8 35. Rc4 Be7 36. Ra4 {[%emt 0:00:20] Weighted Error Value: White=0.05 (flawless) /Black=0.07 (flawless) .  Inaccurate:     	---       	Black=1      OK:         	White=10    	Black=10     Best:        	---       	Black=2} 1/2-1/2

[Event "46th Barbera del Valles Open-A 2024"]
[Site "Barbera del Valles"]
[Date "2024.07.07"]
[Round "4.10"]
[White "Kaustuv, Kundu"]
[Black "Deodhar, Vrushali Umesh"]
[Result "1-0"]
[ECO "D94"]
[WhiteElo "2403"]
[BlackElo "2115"]
[Annotator "TA"]
[PlyCount "80"]
[EventDate "2024.06.25"]
[EventType "swiss"]
[EventCountry "ESP"]
[SourceTitle "playchess.com"]
[Source "ChessBase"]
[SourceQuality "1"]
[TimeControl "5400+30"]

1. Nf3 d5 2. e3 c6 3. c4 Nf6 4. Nc3 g6 5. d4 Bg7 6. Be2 O-O 7. O-O Bg4 8. cxd5 cxd5 9. Qb3 b6 10. h3 Bxf3 11. Bxf3 e6 12. Bd2 Nc6 13. Rfc1 {[%emt 0:01:13][%cal Oc3d5] Strongly threatening Nxd5!} Na5 14. Qb4 Nc4 {[%emt 0:11:38] White is slightly better.} 15. Be1 Re8 16. b3 Bf8 17. Qa4 Nd6 18. Qa6 Qd7 19. Rc2 Rec8 20. Rac1 Nfe8 21. Be2 Rc7 22. Qa4 Qxa4 23. bxa4 a6 24. Rb1 Nc8 25. f3 Ned6 26. Bg3 (26. Bd3 $5) 26... Rc6 27. Bd3 (27. Bf4 $5) 27... Nc4 {[%emt 0:00:00] [#]} 28. Ne4 $1 Na7 (28... f5 29. Nf6+) 29. Nf6+ Kg7 30. Nd7 {[%emt 0:00:00] Black must now prevent Bxc4. White has more active pieces.} b5 31. Nb8 (31. axb5 {simplifies} axb5 32. Bxc4 Rxc4 33. Re2) 31... Rb6 {[%emt 0:00:00] [#]} (31... Rxb8 $14 32. Bxb8 Na3) 32. Bxc4 $1 $16 dxc4 {[%emt 0:03:30] [#]} 33. Nxa6 Rxa6 $11 34. axb5 Nxb5 35. Rxb5 $14 Rxa2 36. Rxc4 Re2 37. Be5+ Kh6 $2 {[%emt 0:00:00][%mdl 8192] This costs Black the game.} (37... Kg8 $14) 38. d5 $2 (38. Rc7 f6 39. Rbb7 (39. Bxf6 Ra1+ 40. Kh2 Bd6+ 41. Be5 Bxc7 $11)) 38... Be7 $2 (38... g5 {might work better.}) 39. dxe6 $18 fxe6 (39... f6) 40. Rc7 Bg5 {[%emt 0:00:00] Weighted Error Value: White=0.16 (very precise) /Black=0.40.  Loses game:     	---       	Black=1      Mistake:       	White=2     	Black=4      Inaccurate:     	White=2     	Black=3      OK:         	White=14    	Black=15     Best:        	White=2     	---        Strong:       	White=1     	---} 1-0